cohdb
Replays
Latest Replays
All Replays
Popular Replays
Top Player Replays
Match Explorer
How It Works
Community
CoH3 Stats
Reddit
Sign in to upload your games and track your stats! →
Sign in with Steam
Match 43477678
Unlisted
Match 43477678
Overview
Messages
Build Orders
End
Kradschützen Motorcycle Team
Selects Italian Combined Arms Battlegroup
Selects Bersaglieri Squad
Bersaglieri Squad
Bersaglieri Squad
Bersaglieri Squad
Construct Light Support Kompanie
2.5-tonne Medical Truck
Fire Support Elements
Pak 38 Mechanized Group
Selects Bersaglieri Bolster
tadeosotomayor9
srubert83
Rashid al-Din Fadlullah Hamadani
Unsafe
Jeremy
JT
冲锋大哥
kamikazei
0
0
Comments
sign in to comment!
No comments posted yet!